AoeStats
← wayd21

Arabia

509979333Analyzed
1v1 RM · 3d ago on Sep 28, 2026· 66m 49s· 2 players
Game mode
Random Map
Map size
Tiny (2 player)
Population
200
Speed
Normal
Resources
Standard
Victory
Conquest
Starting age
Dark Age
Ending age
Imperial Age
RankedLock teamsTeams togetherTeam positionsShared explorationLock speedFull tech treeHidden civsTurbo modeCheats
Victory
Defeat
🇦🇷 Poles · Argentina
1016
+15
🇨🇴 Japanese · Colombia
994
-15
wayd21
0:28 Loom
12:18 Feudal Age
12:30 Man-at-Arms
13:05 Double-Bit Axe
15:39 Horse Collar
18:56 Forging
18:47 Scale Mail Armor
22:49 Scale Mail Armor
28:08 Castle Age
26:11 Gold Mining
26:58 Stone Mining
29:26 Gold Shaft Mining
28:28 Pikeman
29:11 Squires
29:52 Iron Casting
30:18 Wheelbarrow
29:13 Long Swordsman
29:39 Gambesons
31:48 Chain Mail Armor
36:26 Hand Cart
40:42 Imperial Age
41:51 Conscription
42:26 Plate Mail Armor
42:56 Blast Furnace
44:37 Halberdier
44:40 Two-Handed Swordsman
46:48 Hoardings
49:02 Elite Samurai
elreydelage
2:12 Loom
10:46 Feudal Age
16:19 Bloodlines
16:55 Forging
19:41 Scale Barding Armor
19:44 Double-Bit Axe
23:36 Castle Age
21:20 Horse Collar
21:48 Gold Mining
22:28 Fletching
27:32 Wheelbarrow
27:40 Iron Casting
27:10 Scale Barding Armor
30:38 Husbandry
32:00 Town Watch
32:45 Stone Mining
34:40 Bodkin Arrow
36:55 Scale Mail Armor
38:32 Chain Mail Armor
38:25 Squires
38:10 Arson
44:18 Imperial Age
44:20 Chain Barding Armor
44:15 Szlachta Privileges
46:19 Blast Furnace
45:22 Cavalier
46:38 Heavy Plow
51:11 Bow Saw
53:23 Lechitic Legacy
52:44 Light Cavalry
54:19 Crop Rotation
54:37 Plate Mail Armor
55:35 Winged Hussar
56:50 Conscription
58:30 Hand Cart
59:21 Bracer
60:17 Padded Archer Armor
60:48 Town Patrol
61:21 Treadmill Crane
62:02 Ballistics
62:43 Chemistry
62:21 Elite Skirmisher
63:07 Thumb Ring
64:51 Hoardings
65:16 Leather Archer Armor
Connection lost

Rejoining the realm…

Still unreachable

The connection could not be restored.

Session expired

The server has moved on; the page needs a fresh start.